 Dungeon Crawl Stone Soup version 0.28.0-53-g5a82cb258f (webtiles) character file.

Game seed: 14330789831517064868

41 issech the Vexing (level 3, -1/26 HPs)
             Began as a Human Arcane Marksman on May 21, 2022.
             Slain by a goblin
             ... wielding a +0 dagger
              (2 damage)
             ... on level 1 of the Dungeon.
             The game lasted 00:04:01 (1108 turns).

issech the Vexing (Human Arcane Marksman)           Turns: 1108, Time: 00:04:03

Health: -1/26      AC:  2    Str: 10    XL:     3   Next: 75%
Magic:  4/4        EV: 12    Int: 13    God:
Gold:   9          SH:  0    Dex: 15    Spells: 3/4 levels left

rFire   . . .      SeeInvis .   m - +1 morningstar (flame)
rCold   . . .      Faith    .   (no shield)
rNeg    . . .      Spirit   .   d - +0 robe
rPois   .          Reflect  .   (no helmet)
rElec   .          Harm     .   (no cloak)
rCorr   .          Rampage  .   (no gloves)
Will    .....                   (no boots)
Stlth   +.........              (no amulet)
HPRegen 0.08/turn               (no ring)
MPRegen 0.09/turn               (no ring)

@: no status effects
A: no striking features
a: no special abilities


You were on level 1 of the Dungeon.
You visited 1 branch of the dungeon, and saw 2 of its levels.

You collected 9 gold pieces.

Inventory:

Hand Weapons
 a - a +0 hand crossbow
 m - a +1 morningstar of flaming (weapon)
 n - a +0 club
 o - a +0 spear
 p - a +0 short sword
 q - a +0 whip
Missiles
 c - 7 bolts
 f - 7 sling bullets
 g - 2 stones (quivered)
 h - 3 poisoned darts
Armour
 d - a +0 robe (worn)
 e - a +0 ring mail
Jewellery
 k - an amulet of guardian spirit
Scrolls
 i - a scroll of holy word {unknown}
 j - a scroll of blinking {unknown}
 l - a scroll of fog {unknown}
Potions
 b - 2 potions of cancellation {unknown}


   Skills:
 + Level 1.5 Fighting
 + Level 3.0 Crossbows
 + Level 2.2 Dodging
 + Level 1.0 Spellcasting
 + Level 3.3 Hexes


You had 3 spell levels left.
You knew the following spells:

 Your Spells              Type           Power      Damage    Failure   Level
a - Slow                  Hex            36%        N/A       7%          1

Your spell library contained the following spells:

 Spells                   Type           Power      Damage    Failure   Level
 Inner Flame              Hex/Fire       5%         N/A       38%         3
 Portal Projectile        Hex/Tloc       10%        N/A       38%         3
 Cause Fear               Hex            4%         N/A       56%         4


Dungeon Overview and Level Annotations

Branches:
Dungeon (2/15)

Altars:

Shops:
D:1 !

Annotations:
D:2 Terence


Message History

You climb upwards.
There is a stone staircase leading down here.
You start resting.
HP restored.
You climb downwards.
Level annotation: Terence The adder bites you. x2
There is a stone staircase leading up here.
The adder barely misses you. The goblin barely misses you.
The adder closely misses you.
You climb upwards.
There is a stone staircase leading down here.
Your +1 morningstar of flaming bursts into flame!
m - a +1 morningstar of flaming (weapon)
You closely miss the adder. The adder bites you.
The goblin hits you with a +0 dagger. The adder bites you.
The goblin hits you with a +0 dagger.
You barely miss the adder. The adder closely misses you. The goblin misses you.
The adder barely misses you.
You miss the adder. The adder closely misses you.
The goblin hits you with a +0 dagger. The adder bites you but does no damage.
The goblin barely misses you.
You closely miss the adder. The adder bites you.
* * * LOW HITPOINT WARNING * * *
The goblin closely misses you. The adder barely misses you.
You closely miss the adder. The adder bites you.
* * * LOW HITPOINT WARNING * * *
The goblin barely misses you. The adder barely misses you.
The goblin closely misses you.
You barely miss the adder. The adder bites you but does no damage.
The goblin barely misses you. The adder bites you.
* * * LOW HITPOINT WARNING * * *
You hit the adder. You burn the adder.
The adder is severely wounded.
The adder bites you.
* * * LOW HITPOINT WARNING * * *
The goblin hits you with a +0 dagger.
* * * LOW HITPOINT WARNING * * *
The adder closely misses you. The goblin hits you with a +0 dagger.
You die...

.## #..# #.##
#..############# ##.##
##...#..........# ##.##
##....#..........# ##.##
##..#..#..........#
##.###...#........)....#
##.#.####.............# ###
##.#.###......>......# ..#
#8##......@.........# ###
#####.#...Sg.......)# #
##.#..#..........# #
###..#..#..........#
########...##..#..#########
.........#.#.....##
##########.#...###
#.......# ##### #.......#


You could see an adder and a goblin.

Vanquished Creatures
  A worm (D:2)
  A dart slug (D:1)
  2 endoplasms (D:1)
  2 giant cockroaches (D:1)
  2 goblins
  3 hobgoblins (D:1)
  3 jackals (D:1)
  4 kobolds (D:1)
  A quokka (D:1)
  7 ball pythons (D:1)
  2 bats (D:1)
  3 frilled lizards (D:1)
  2 rats (D:1)
33 creatures vanquished.

Notes
Turn   | Place    | Note
-------+----------+-------------------------------------------
     0 | D:1      | issech the Human Arcane Marksman began the quest for the
                  | Orb.
     0 | D:1      | Reached XP level 1. HP: 15/15 MP: 2/2
    82 | D:1      | Reached XP level 2. HP: 11/21 MP: 3/3
   332 | D:1      | Reached XP level 3. HP: 26/26 MP: 4/4
   652 | D:1      | Found Laalo's Distillery.
   945 | D:2      | Noticed Terence
  1108 | D:1      | HP: 1/26 [goblin/+0 dagger (1)]
  1108 | D:1      | Slain by a goblin

Illustrated notes

Levels and vault maps discovered:
D:1:      nagdon_arrival_zigzag_paths, layout_rooms, serial_shops, shop
D:2:      layout_rooms, hellmonk_ecumenical_altar_leap_of_faith, uniq_terence,
          uniq_jessica

Skill      XL: |  1  2  3 |
---------------+----------+-----
Crossbows      | 3 |  3.0
Fighting       | |  1.5
Dodging        | |  2.2
Spellcasting   | |  1.0
Hexes          | |  3.3

Action                   || total
-------------------------++-------
Melee: Morningstar       ||     7
 Fire: Hand crossbow     ||    72
Armor: Robe              ||     5
Dodge: Dodged            ||    31
